 Dungeon Crawl Stone Soup version 0.32-a0-673-g3729bd5 (webtiles) character file.

Game seed: 12316902185748822625

282 Nithhogg the Chopper (level 6, -2/53 HPs)
             Began as a Mountain Dwarf Fighter on Mar 10, 2024.
             Slain by a kobold brigand
             ... wielding a +2 short sword of protection
              (5 damage)
             ... in a sewer.
             The game lasted 00:03:08 (2097 turns).

Nithhogg the Chopper (Mountain Dwarf Fighter)       Turns: 2097, Time: 00:03:09

Health: -2/53      AC:  7    Str: 20    XL:     6   Next: 6%
Magic:  6/6        EV:  9    Int:  9    God:
Gold:   158        SH:  4    Dex:  9    Spells: 5/5 levels left

rFire   . . .        a - +0 war axe
rCold   . . .        c - +0 buckler
rNeg    . . .        b - +0 scale mail
rPois   .            (no helmet)
rElec   .            (no cloak)
rCorr   .            (no gloves)
SInv    .            (no boots)
Will    .....        (no amulet) Stlth
                     (no ring)
HPRegen 0.28/turn    (no ring)
MPRegen 0.10/turn

%: no passive effects
@: very slow
A: runic magic, artefact enchanting
a: no special abilities


You were in a sewer.
You visited 1 branch of the dungeon, and saw 3 of its levels.
You also visited: Sewer.

You collected 158 gold pieces.

Inventory:

Hand Weapons
 a - a +0 war axe (weapon)
Armour
 b - a +0 scale mail (worn)
 c - a +0 buckler (worn)
Jewellery
 h - a ring of willpower
 l - a ring of positive energy
Scrolls
 d - 2 scrolls of fear {unknown}
 e - 2 scrolls of fog
 g - a scroll of summoning {unknown}
 i - a scroll of blinking {unknown}
 k - 3 scrolls of identify {unknown}
 m - a scroll of revelation {unknown}
 n - a scroll of enchant weapon {unknown}
Potions
 f - a potion of curing {unknown}
 j - a potion of degeneration {unknown}


   Skills:
 + Level 4.6 Fighting
 * Level 5.7 Axes
 + Level 4.7 Armour
 - Level 3.2 Shields


You had 5 spell levels left.
You didn't know any spells.
Your spell library was empty.

Dungeon Overview and Level Annotations

Branches:
Dungeon (3/15)              Sewer (1/1)

Altars:
Nemelex Xobeh

Shops:
D:1 :


Innate Abilities, Weirdness & Mutations

Your spellcasting is much less encumbered by armour.
You can use scrolls of enchantment on lesser artefacts.


Message History

The kobold brigand is moderately wounded.
The kobold brigand splashes around in the water. x2
You barely miss the kobold brigand.
The kobold brigand is moderately wounded.
The kobold brigand splashes around in the water.
You barely miss the kobold brigand.
The kobold brigand is moderately wounded.
The kobold brigand hits you with a +2 short sword of protection.
* * * LOW HITPOINT WARNING * * *
You barely miss the kobold brigand.
The kobold brigand is moderately wounded.
The kobold brigand completely misses you.
Your unstable footing causes you to fumble your attack.
The kobold brigand barely misses you.
The kobold brigand hits you with a +2 short sword of protection.
* * * LOW HITPOINT WARNING * * *
You hit the kobold brigand.
The kobold brigand is heavily wounded.
The kobold brigand hits you with a +2 short sword of protection.
* * * LOW HITPOINT WARNING * * *
Your unstable footing causes you to fumble your attack.
The kobold brigand splashes around in the water.
Your unstable footing causes you to fumble your attack.
The kobold brigand splashes around in the water. x2
You hit the kobold brigand.
The kobold brigand is heavily wounded.
The kobold brigand splashes around in the water.
Your unstable footing causes you to fumble your attack.
The kobold brigand hits you with a +2 short sword of protection.
* * * LOW HITPOINT WARNING * * *
Your unstable footing causes you to fumble your attack.
The kobold brigand barely misses you.
You closely miss the kobold brigand.
The kobold brigand is heavily wounded.
The kobold brigand barely misses you.
The kobold brigand hits you with a +2 short sword of protection.
* * * LOW HITPOINT WARNING * * *
Your unstable footing causes you to fumble your attack.
The kobold brigand hits you with a +2 short sword of protection.
You die...

####### #.~~~.#####
#@~~~~####### ~~
#.~~K~###~~.~~~.##
~~ #######
#~~~.~~~~# #~
~~~~###..~~.~~~####~
#~~~~~####.~~.##~~
~~~~##### ##.~~~~~~
## ##~~..~~ #~~~.~~
#~~~~~~


You could see a kobold brigand.

Vanquished Creatures
  2 kobold brigands (Sewer)
  2 orc wizards (D:3)
  An adder (Sewer)
  A dart slug (D:1)
  6 ribbon worms
  2 orcs (D:3)
  4 bats
  6 endoplasms
  A giant cockroach (D:1)
  4 goblins
  7 hobgoblins
  2 jackals (D:2)
  9 kobolds
  9 ball pythons
  6 rats
62 creatures vanquished.

Notes
Turn   | Place    | Note
-------+----------+-------------------------------------------
     0 | D:1      | Nithhogg the Mountain Dwarf Fighter began the quest for the
                  | Orb.
     0 | D:1      | Reached XP level 1. HP: 19/19 MP: 1/1
   183 | D:1      | Reached XP level 2. HP: 26/26 MP: 2/2
   224 | D:1      | Reached skill level 3 in Axes
   347 | D:1      | Found Garox's Vocational Training.
   859 | D:2      | Reached XP level 3. HP: 31/33 MP: 3/3
   956 | D:2      | Found a sparkling altar of Nemelex Xobeh.
  1355 | D:3      | Reached skill level 4 in Axes
  1355 | D:3      | Reached XP level 4. HP: 32/40 MP: 4/4
  1386 | D:3      | Found a glowing drain.
  1403 | Sewer    | Entered a sewer
  1423 | Sewer    | Noticed a kobold brigand
  1466 | Sewer    | Killed a kobold brigand
  1467 | Sewer    | Reached skill level 5 in Axes
  1467 | Sewer    | Reached XP level 5. HP: 19/47 MP: 5/5
  1968 | Sewer    | Reached XP level 6. HP: 36/53 MP: 6/6
  2097 | Sewer    | Slain by a kobold brigand

Illustrated notes

Levels and vault maps discovered:
D:1:      ncdulo_wetmaze, layout_loops_ring, nicolae_shop_vocational
D:2:      layout_basic, basic_altar
D:3:      layout_basic, cheibrodos_sewer_entry_drain, grunt_ministairs_7
Sewer:    sewer_co_tree

Skill      XL: |  1  2  3  4 |
---------------+-------------+-----
Axes           | 3 4 5 |  5.7
Fighting       | 4 |  4.6
Armour         | 4 |  4.7
Shields        | |  3.2

Action                     |  1- 3 |  4- 6 || total
---------------------------+-------+-------++-------
  Melee: War axe           |    85 |   152 ||   237
    Use: Scroll            |     2 |       ||     2
         Potion            |     1 |       ||     1
 Armour: Scale mail        |    79 |   122 ||   201
  Dodge: Dodged            |    35 |    57 ||    92
  Block: Buckler           |    15 |    20 ||    35

Table legend: (Time is in decaauts)
 A = Elapsed time spent in this place.
 B = Non-inter-level travel time spent in this place.
 C = Inter-level travel time spent in this place.
 D = Time resting spent in this place.
 E = Time spent auto-exploring this place.
 F = Levels seen in this place.
 G = Mean time per level.
                   A        B        C        D        E       F      G
               +--------+--------+--------+--------+--------+-----+--------+
         Total |   2289 |   2265 |     24 |    100 |   1594 |   4 |  572.2 |
       Dungeon |   1448 |   1424 |     24 |      0 |   1117 |   3 |  482.7 |
         Sewer |    840 |    840 |      0 |    100 |    477 |   1 |  840.0 |
               +--------+--------+--------+--------+--------+-----+--------+

Top non-repeatable levels by time:
     D:1: 846 daAuts
   Sewer: 840 daAuts
     D:2: 517 daAuts
     D:3: 84 daAuts
